 Dungeon Crawl Stone Soup version 0.19-a0-1937-g70ed36a (webtiles) character file.

42606 Promi the Geomancer (level 13, -6/108 HPs)
             Began as a Demigod Wizard on Oct 26, 2016.
             Mangled by a seven-headed hydra (8 damage)
             ... on level 2 of the Lair of Beasts on Oct 27, 2016.
             The game lasted 02:43:58 (34138 turns).

Promi the Geomancer (Demigod Wizard)               Turns: 34138, Time: 02:43:59

Health: -6/108     AC: 18    Str: 10    XL:     13   Next: 49%
Magic:  29/29      EV: 13    Int: 30    God:
Gold:   904        SH:  5    Dex: 14    Spells: 6 memorised, 12 levels left

rFire  . . .     SeeInvis .     w - +3 short sword (elec)
rCold  . . .     Gourm    +     z - +3 ring mail
rNeg   . . .     Faith    .     k - +0 buckler
rPois  .         Spirit   .     I - +0 helmet
rElec  .         Reflect  .     J - +2 cloak
rCorr  .         Harm     .     y - +1 pair of gloves
MR     +....                    o - +0 pair of boots
Stlth  ++........               m - amulet of the gourmand
                                s - ring of wizardry
                                j - +3 ring of slaying

@: repel missiles
A: slimy green scales 1, blurry vision 1, high mp 1, subdued magic 1
a: no special abilities


You were on level 2 of the Lair of Beasts.
You were very full.

You visited 4 branches of the dungeon, and saw 20 of its levels.

You collected 1974 gold pieces.
You spent 1070 gold pieces at shops.

Inventory:

Hand Weapons
 w - a +3 short sword of electrocution (weapon)
 S - a +2 short sword of distortion
 W - the +1 rapier of Woschi {venom, rC+}
   (You bought it in a shop on level 1 of the Orcish Mines)

   It poisons the flesh of those it strikes.
   It protects you from cold.
Armour
 k - a +0 buckler (worn)
 o - a +0 pair of boots (worn)
 y - a +1 pair of gloves (worn)
 z - a +3 ring mail (worn)
 I - a +0 helmet (worn)
 J - a +2 cloak (worn)
Jewellery
 a - an uncursed ring of protection from cold
 e - a +2 ring of intelligence
 j - a +3 ring of slaying (left hand)
 l - a +3 ring of evasion
 m - an amulet of the gourmand (around neck)
 s - a ring of wizardry (right hand)
 t - an uncursed ring of stealth
 L - a +4 ring of dexterity
Wands
 h - a wand of iceblast (9/15)
 x - a wand of teleportation (4/9)
 C - a wand of random effects (32/48)
 D - a wand of confusion (21/48)
 E - a wand of random effects (5/48)
 R - a wand of random effects (27/48)
Scrolls
 g - 3 scrolls of remove curse
 n - 3 scrolls of amnesia
 r - 2 scrolls of magic mapping
 u - 3 scrolls of recharging
 A - 6 scrolls of identify
 G - 4 scrolls of teleportation
 P - a scroll of fog
Potions
 f - 2 potions of haste
 i - 8 potions of curing
 p - 3 potions of brilliance
 F - a potion of ambrosia
 K - a potion of lignification
 M - 2 potions of might
 N - a potion of cancellation
 Q - a potion of cure mutation
 U - 3 potions of agility
Books
 c - a book of Minor Magic

   Spells                             Type                      Level
   a - Magic Dart                     Conjuration                  1
   b - Blink                          Translocation                2
   c - Call Imp                       Summoning                    2
   d - Repel Missiles                 Charms/Air                   2
   e - Slow                           Hexes                        2
   f - Conjure Flame                  Conjuration/Fire             3
   g - Mephitic Cloud                 Conjuration/Poison/Air       3
 q - a book of Misfortune

   Spells                             Type                      Level
   a - Confusing Touch                Hexes                        1
   b - Confuse                        Hexes                        3
   c - Gell's Gravitas                Hexes/Translocation          3
   d - Petrify                        Transmutation/Earth          4
   e - Metabolic Englaciation         Hexes/Ice                    5
   f - Yara's Violent Unravelling     Hexes/Transmutation          5
 H - a book of the Earth

   Spells                             Type                      Level
   a - Leda's Liquefaction            Hexes/Earth                  4
   b - Bolt of Magma                  Conjuration/Fire/Earth       5
   c - Statue Form                    Transmutation/Earth          6
   d - Iron Shot                      Conjuration/Earth            6
   e - Shatter                        Earth                        9
Comestibles
 d - 12 bread rations
 v - 5 meat rations
 B - 3 beef jerkies
 O - 3 slices of pizza
 Y - 17 fruits


   Skills:
 + Level 8.5 Fighting
 + Level 7.0(7.2) Short Blades
   Level 2.1(5.0) Long Blades
 - Level 4.3 Armour
 + Level 6.8 Dodging
 - Level 4.6 Stealth
 - Level 5.3 Shields
 + Level 8.0 Spellcasting
 - Level 6.0 Conjurations
 - Level 2.1 Summonings
 - Level 0.8 Translocations
 + Level 7.9 Transmutations
 - Level 5.0 Fire Magic
 + Level 8.6 Earth Magic


You had 12 spell levels left.
You knew the following spells:

 Your Spells              Type           Power        Failure   Level  Hunger
a - Magic Dart            Conj           ####         1%          1    None
b - Blink                 Tloc           N/A          4%          2    None
c - Call Imp              Summ           ###.....     2%          2    None
d - Petrify               Tmut/Erth      #####...     1%          4    #......
e - Repel Missiles        Chrm/Air       #.....       6%          2    None
f - Bolt of Magma         Conj/Fire/Erth #####.....   7%          5    ####...


Dungeon Overview and Level Annotations

Branches:
Dungeon (12/15)            Temple (0/1) D:6            Lair (5/6) D:9
  Swamp (1/4) Lair:2        Snake (0/4) Lair:3        Slime (0/5) Lair:5
    Orc (2/2) D:11            Elf (0/3) Orc:2

Shops:
D:2 *   Orc:1 (:[%   Orc:2 =%%}

Annotations:
D:7 WhatIsLove's ghost, novice DsGl


Innate Abilities, Weirdness & Mutations

You have an increased reservoir of magic. (+10% MP)
You are partially covered in slimy green scales. (AC +2)
Scrolls take you a little longer to read.
Your spells are a little easier to cast, but a little less powerful.


Message History

The seven-headed hydra bites you but does no damage. x2
The seven-headed hydra bites you!
The seven-headed hydra bites you but does no damage.
The seven-headed hydra barely misses you.
The seven-headed hydra closely misses you.
The slime creature hits you but does no damage.
The slime creature hits you!
* * * LOW HITPOINT WARNING * * *
The seven-headed hydra bites you but does no damage.
The seven-headed hydra bites you.
* * * LOW HITPOINT WARNING * * *
The seven-headed hydra bites you!
* * * LOW HITPOINT WARNING * * *
The seven-headed hydra bites you.
* * * LOW HITPOINT WARNING * * *
The seven-headed hydra bites you!
* * * LOW HITPOINT WARNING * * *
The seven-headed hydra barely misses you.
The seven-headed hydra bites you!
You die...

#...#...#.'##########...
#..#######.## ##.' ##...#
#..# ##.. #P..## #..###
#..# ##.### #P...# ##..#
###..≈#♣####.### ####PP'.
#P..≈≈≈≈♣.....####.......
#..≈≈≈≈≈♣♣....'.###......
♣♣≈♣≈§≈D@≈♣♣..#..##......
♣♣♣≈§§§JJ≈♣...##.##......
♣?♣≈§§§§w≈♣...##.........
#♣≈≈≈§§§≈≈≈♣##....#).....
♣♣♣≈§§≈≈≈♣♣ ##########.P
♣≈≈≈≈≈.♣ ### ♣♣≈♣.≈.#
#.♣.♣♣## ###♣#


You could see a seven-headed hydra, a tyrant leech and 2 slime creatures.

Vanquished Creatures
  The ghost of nivlat the Prestidigitator, a journeyman DDFi (Lair:1)
  2 hydras
  The ghost of Zigma the Grappler, a journeyman DrTm of Ashenzari (Lair:1)
  Urug (Lair:4)
  4 orc high priests
  Sonja (Lair:4)
  An unseen horror (D:11)
  3 hill giants (D:10)
  5 orc knights (Orc:2)
  Pikel (D:8)
  An ugly thing (D:11)
  4 orc sorcerers
  An oklob plant (Lair:4)
  4 cyclopes
  Maurice (D:8)
  2 black mambas
  8 spiny frogs
  4 komodo dragons
  A polar bear (Lair:3)
  A merfolk (D:11)
  A slime creature (Lair:2)
  7 blink frogs
  7 hippogriffs
  2 wraiths
  23 yaks
  2 wyverns
  A basilisk (Lair:4)
  5 vampire mosquitoes (Lair:2)
  3 hungry ghosts
  11 wargs
  A soldier ant (Lair:5)
  3 nagas (Lair:3)
  7 water moccasins
  3 porcupines
  27 orc warriors
  5 ice beasts
  3 phantoms
  2 sky beasts
  2 black bears
  11 ogres
  A necrophage (D:9)
  3 wolves (Lair:3)
  4 centaurs
  11 crocodiles
  Blork the orc (D:5)
  A big kobold (D:6)
  A gnoll sergeant (Orc:2)
  8 bullfrogs
  7 scorpions
  5 howler monkeys
  5 wights
  2 electric eels (Lair:5)
  A crimson imp (D:6)
  A bullfrog zombie (D:9)
  2 centaur zombies
  4 hounds
  4 jellies
  2 quasits
  2 centaur skeletons
  25 orc priests
  A bullfrog skeleton (D:9)
  37 orc wizards
  3 iguanas
  17 worker ants
  2 hound zombies
  A worker ant zombie (D:11)
  3 gnolls
  16 adders
  3 shadow imps
  2 oozes (Lair:5)
  An adder zombie (D:5)
  An adder skeleton (D:10)
  5 worms
  A dart slug (D:1)
  9 leopard geckos
  63 orcs
  4 giant cockroaches
  10 goblins
  6 hobgoblins
  12 jackals
  5 quokkas
  12 bats
  10 frilled lizards
  16 kobolds
  A leopard gecko skeleton (D:5)
  7 rats
  2 fungi (D:11)
513 creatures vanquished.

Vanquished Creatures (collateral kills)
  Gastronok (Lair:3)
  An entropy weaver (Lair:5)
  An orc high priest (Orc:1)
  A necrophage (D:6)
  An ogre (D:5)
  A bullfrog (D:6)
  A scorpion (D:6)
  2 jellies
  An iguana (D:5)
  A worker ant (D:5)
  A gnoll (D:1)
  A howler monkey skeleton (D:5)
  3 adders
  A shadow imp (D:5)
  2 oozes
  4 worms
  3 orcs
  A frilled lizard (D:2)
27 creatures vanquished.

Vanquished Creatures (others)
  3 jackals (D:8)
  A bush (Lair:3)
  20 fungi
  13 plants
37 creatures vanquished.

Grand Total: 577 creatures vanquished

Notes
Turn   | Place    | Note
-------+----------+-------------------------------------------
     0 | D:1      | Promi the Demigod Wizard began the quest for the Orb.
     0 | D:1      | Reached XP level 1. HP: 14/14 MP: 6/6
    64 | D:1      | Reached skill level 1 in Conjurations
   715 | D:1      | Reached XP level 2. HP: 18/22 MP: 0/8
   719 | D:1      | Learned a level 2 spell: Blink
   722 | D:1      | Learned a level 2 spell: Call Imp
  1176 | D:1      | Reached skill level 1 in Fighting
  1332 | D:1      | Reached skill level 1 in Summonings
  1670 | D:1      | Reached XP level 3. HP: 28/28 MP: 6/10
  1911 | D:2      | Found a sparkling altar of Nemelex Xobeh.
  1912 | D:2      | Noticed an ogre
  2030 | D:2      | Found an opulent altar of Gozag.
  2032 | D:2      | Found Gozag's Platinum Reserve.
  2990 | D:2      | Reached XP level 4. HP: 30/35 MP: 4/11
  3000 | D:2      | Learned a level 4 spell: Petrify
  4025 | D:3      | Found a snail-covered altar of Cheibriados.
  4044 | D:3      | Reached skill level 1 in Transmutations
  4044 | D:3      | Reached skill level 1 in Earth Magic
  4470 | D:3      | Gained mutation: Potions and wands are less effective at restoring your health. [potion of mutation]
  4470 | D:3      | Gained mutation: You are partially covered in slimy green scales. (AC +2) [potion of mutation]
  4470 | D:3      | Gained mutation: You have a somewhat thin skeletal structure. (Dex +2, Stealth) [potion of mutation]
  4856 | D:4      | Reached XP level 5. HP: 17/40 MP: 2/12
  5453 | D:4      | Found a hazy altar of Hepliaklqana.
  5455 | D:4      | Noticed an ogre
  5491 | D:4      | Killed an ogre
  5702 | D:5      | Entered Level 5 of the Dungeon
  6091 | D:4      | Reached XP level 6. HP: 41/47 MP: 2/13
  6320 | D:5      | Found a stormy altar of Qazlal.
  6564 | D:5      | Reached skill level 1 in Long Blades
  6620 | D:5      | Noticed Blork the orc
  6638 | D:5      | Killed Blork the orc
  6774 | D:5      | Reached XP level 7. HP: 22/55 MP: 9/14
  7639 | D:6      | Found a staircase to the Ecumenical Temple.
  7714 | D:6      | Reached skill level 1 in Short Blades
  8255 | D:6      | Reached XP level 8. HP: 63/63 MP: 10/15
  8556 | D:6      | Upgraded the game from 0.19-a0-1933-g052ff51 to 0.19-a0-1937-g70ed36a
 10256 | D:6      | Found a shattered altar of Ashenzari.
 10324 | D:7      | Noticed WhatIsLove's ghost (novice DsGl)
 10394 | D:7      | Reached XP level 9. HP: 73/73 MP: 10/18
 10526 | D:6      | Reached skill level 5 in Fighting
 10526 | D:6      | Reached skill level 5 in Dodging
 10870 | D:6      | Reached skill level 1 in Shields
 11479 | D:8      | Noticed Pikel
 11519 | D:8      | Killed Pikel
 11519 | D:8      | Reached skill level 5 in Shields
 11694 | D:8      | Found a radiant altar of Vehumet.
 11998 | D:8      | Noticed Maurice
 12043 | D:8      | Killed Maurice
 12325 | D:8      | Reached skill level 5 in Earth Magic
 12526 | D:8      | Reached skill level 5 in Transmutations
 12670 | D:9      | Reached XP level 10. HP: 81/81 MP: 20/20
 12740 | D:9      | Found a staircase to the Lair.
 12749 | Lair:1   | Entered Level 1 of the Lair of Beasts
 12908 | Lair:1   | Noticed Zigma's ghost (journeyman DrTm)
 13075 | D:9      | Reached skill level 5 in Spellcasting
 13967 | D:10     | Entered Level 10 of the Dungeon
 14010 | D:10     | Noticed a hill giant
 14024 | D:10     | Killed a hill giant
 14929 | D:10     | Noticed a hill giant
 14941 | D:10     | Killed a hill giant
 15108 | D:10     | Found a shimmering altar of Xom.
 15363 | D:10     | Noticed a hill giant
 15374 | D:10     | Killed a hill giant
 15392 | D:10     | Lost mutation: Potions and wands are less effective at restoring your health. [potion of cure mutation]
 15392 | D:10     | Lost mutation: You have a somewhat thin skeletal structure. (Dex +2, Stealth) [potion of cure mutation]
 15444 | D:10     | Learned a level 2 spell: Repel Missiles
 16551 | D:11     | Noticed a cyan ugly thing
 16572 | D:11     | Killed a cyan ugly thing
 16572 | D:11     | Reached skill level 5 in Short Blades
 16647 | D:11     | Reached XP level 11. HP: 61/89 MP: 23/23
 16743 | D:11     | Killed an unseen horror
 17336 | D:11     | Reached skill level 1 in Armour
 17649 | D:11     | Found a staircase to the Orcish Mines.
 18190 | Orc:1    | Entered Level 1 of the Orcish Mines
 18321 | Orc:1    | Found Rawneel's Book Shop.
 18668 | Orc:1    | Found Izeudyod's Antique Armour Shop.
 18711 | Orc:2    | Entered Level 2 of the Orcish Mines
 19125 | Orc:2    | Noticed an orc high priest
 19164 | Orc:1    | Bought a book of the Earth for 845 gold pieces
 19172 | Orc:1    | Learned a level 5 spell: Bolt of Magma
 19465 | Lair:1   | Reached skill level 1 in Fire Magic
 19846 | Lair:1   | Noticed nivlat's ghost (journeyman DDFi)
 19959 | Lair:1   | Killed Zigma's ghost
 20242 | Lair:1   | Killed nivlat's ghost
 21485 | Lair:2   | Reached skill level 5 in Conjurations
 21528 | Lair:2   | Found a staircase to the Swamp.
 21975 | Lair:2   | Got a distressingly furry ring mail
 22521 | Lair:3   | Found a staircase to the Snake Pit.
 22677 | Lair:2   | Reached XP level 12. HP: 90/97 MP: 17/25
 22902 | Lair:3   | Noticed Gastronok
 23237 | Lair:2   | Noticed a seven-headed hydra
 23248 | Lair:2   | Killed a seven-headed hydra
 23248 | Lair:2   | Reached skill level 5 in Fire Magic
 23776 | Lair:3   | Killed Gastronok
 23927 | Lair:2   | Identified the +1 ring mail "Sethryal" {+Blink rElec Dex-2} (You found it on level 2 of the Lair of Beasts)
 24619 | Orc:2    | Gained mutation: Scrolls take you a little longer to read. [a neqoxec]
 24620 | Orc:2    | Gained mutation: Your spells are a little easier to cast, but a little less powerful. [a neqoxec]
 25322 | Orc:1    | Found Uqouvo's Food Boutique.
 25404 | Orc:1    | Found a bloodstained altar of Trog.
 25424 | Orc:1    | Found Tegao's Antique Weapon Shop.
 25432 | Orc:1    | Bought a smoking rapier for 225 gold pieces
 25433 | Orc:1    | Identified the cursed +1 rapier of Woschi {venom, rC+} (You bought it in a shop on level 1 of the Orcish Mines)
 25461 | Orc:2    | Found a staircase to the Elven Halls.
 28967 | Orc:1    | Reached XP level 13. HP: 107/107 MP: 20/28
 29264 | Orc:2    | Found Gukhliacs's Food Shop.
 29264 | Orc:2    | Found Sufunwae's Gadget Boutique.
 29264 | Orc:2    | Found Suwneeb's Food Boutique.
 29987 | Orc:2    | Found Viabburo's Jewellery Shop.
 30778 | Lair:4   | Noticed Urug
 30793 | Lair:4   | Killed Urug
 31195 | Lair:4   | Got a pitted whip
 31206 | Lair:4   | Identified the cursed +3 whip "Xegiov" {drain, +Inv rElec rC- MR++} (You found it on level 4 of the Lair of Beasts)
 31842 | Lair:4   | Noticed Sonja
 31850 | Lair:4   | Killed Sonja
 31902 | Lair:4   | Found a glowing silver altar of Zin.
 32653 | Lair:5   | Found a staircase to the Slime Pits.
 32994 | Lair:5   | Noticed an entropy weaver
 32995 | Lair:5   | Noticed an entropy weaver
 33070 | Lair:5   | Killed an entropy weaver
 33660 | Swamp:1  | Entered Level 1 of the Swamp
 33675 | Lair:2   | HP: 5/108 [poisoned by a spiny frog]
 34138 | Lair:2   | HP: 2/108 [seven-headed hydra (13)]
 34138 | Lair:2   | Mangled by a seven-headed hydra

Vault maps used:
D:1:      dpeg_arrival_houses_and_road
D:2:      wad_lake_hut, nicolae_gozag_zags_fifth_avenue, first_bread,
          grunt_nemelex_the_gamble
D:3:      nicolae_overflow_hidden_temple
D:4:      marbit_many_paths
D:5:      nicolae_qazlal_eye_of_the_storm, hangedman_decor_peaks_small,
          uniq_blork_the_orc
D:6:      lemuel_crystal_altar, dk_noncrumbling_4, kennysheep_generic_room_12
D:8:      basic_altar, enter_bailey_3, uniq_maurice, uniq_pikel
D:9:      lair_0_dummy
D:10:     basic_altar
D:11:     old_forge, minmay_orc_entry_guard_dogs, hangedman_fish_farm
Lair:1:   serial_bayou_pond_c
Lair:2:   minmay_swamp_entry_swarm, nicolae_quartered_pool_little
Lair:3:   minmay_snake_entry_guardpost_small, serial_forest,
          infiniplex_forest_end_2, infiniplex_forest_straight_3,
          infiniplex_forest_lined_corner, infiniplex_forest_clump_long,
          infiniplex_forest_clump_long, infiniplex_forest_clump_small,
          infiniplex_forest_clump_curved, uniq_gastronok
Lair:4:   lemuel_oklob_altar, infiniplex_staircase_pool_2, lemuel_fruit_fields,
          grunt_megastairs_5, uniq_sonja, uniq_urug
Lair:5:   nicolae_slime_entry_slimehenge, minmay_another_anthill,
          infiniplex_staircase_pool
Swamp:1:  nicolae_swamp_trees_clearing, swamp_pool4, uniq_louise
Orc:1:    basic_altar, serial_shops, shop, nicolae_shop_crystal, shop, shop
Orc:2:    st_orc_mages, special_room, sword_in_stone

Skill      XL: |  1  2  3  4  5  6  7  8  9 10 11 12 13 |
---------------+----------------------------------------+-----
Conjurations   | 1 2 5 6 |  6.0
Dodging        | 2 3 4 5 6 |  6.8
Spellcasting   | 3 4 5 6 7 8 |  8.0
Fighting       | 1 2 3 4 5 6 7 8 |  8.5
Stealth        | 2 4 |  4.6
Summonings     | 1 2 |  2.1
Transmutations | 1 2 3 4 5 6 7 |  7.9
Earth Magic    | 1 2 3 4 5 6 8 |  8.6
Long Blades    | 1 2 |  2.1
Short Blades   | 1 3 5 6 7 |  7.0
Shields        | 5 |  5.3
Armour         | 4 |  4.3
Fire Magic     | 4 5 |  5.0
Translocations | |  0.8

Action                   |  1- 3 |  4- 6 |  7- 9 | 10-12 | 13-15 || total
-------------------------+-------+-------+-------+-------+-------++-------
Melee: Dagger            |    47 |    22 |   137 |       |       ||   206
       Long sword        |       |    52 |   157 |       |       ||   209
       Short sword       |       |       |   105 |  1022 |   236 ||  1363
 Cast: Magic Dart        |   108 |    96 |    44 |    11 |     9 ||   268
       Call Imp          |    14 |    42 |    19 |    71 |    31 ||   177
       Petrify           |       |     1 |    50 |   198 |    70 ||   319
       Repel Missiles    |       |       |       |     4 |       ||     4
       Bolt of Magma     |       |       |       |    23 |     2 ||    25
       Blink             |       |       |       |       |     4 ||     4
  Use: Potion            |       |    10 |     1 |     5 |     1 ||    17
       Scroll            |       |     7 |     3 |    10 |     5 ||    25
 Stab: Distracted        |       |     2 |       |     1 |     2 ||     5
       Sleeping          |       |     3 |     8 |     6 |     2 ||    19
       Petrified         |       |       |    84 |   239 |    96 ||   419
       Petrifying        |       |       |       |     3 |       ||     3
  Eat: Chunk             |     7 |    11 |    34 |    86 |    19 ||   157
       Royal jelly       |       |     1 |       |     1 |       ||     2
       Meat ration       |       |       |     1 |       |       ||     1
       Beef jerky        |       |       |     1 |       |       ||     1
Armor: Robe              |    16 |    20 |    75 |    37 |       ||   148
       Ring mail         |       |       |       |   347 |    92 ||   439
Dodge: Dodged            |    40 |    67 |   250 |   422 |   119 ||   898
       Deflected         |       |       |       |    16 |     1 ||    17
Block: Buckler           |       |       |    21 |   186 |    58 ||   265
       Rpst.: Long sword |       |    21 |    44 |       |       ||    65
